 Dungeon Crawl Stone Soup version 0.17-a0-1562-g9b2c768 (webtiles) character file.

170 mrath the Archer (level 5, 0/41 HPs)
             Began as a Centaur Hunter on July 20, 2015.
             Shot with an arrow of flame by a centaur (1 damage)
             ... on level 3 of the Dungeon.
             The game lasted 00:20:01 (2826 turns).

mrath the Archer (Centaur Hunter)                   Turns: 2826, Time: 00:20:02

Health: 0/41       AC: 11    Str: 15    XL:     5   Next: 26%
Magic:  5/5        EV:  9    Int: 10    God:
Gold:   96         SH:  0    Dex: 12    Spells: 0 memorised, 4 levels left

rFire  . . .     SeeInvis .     q - +2 mace (protect)
rCold  . . .     Clarity  .     d - +0 leather armour
rNeg   . . .     SustAt   .     (no shield)
rPois  .         Gourm    .     v - +0 helmet
rElec  .         Spirit   .     (no cloak)
rCorr  .         Warding  .     r - +0 pair of gloves
rMut   .         Stasis   .     (no barding)
MR     .....                    k - amulet of rage
Stlth  +.........               (no ring)
                                h - +2 ring of dexterity

@: very quick, not resistant to hostile enchantments, very unstealthy
A: hooves 3, deformed body, speed 2, tough skin 3
a: Evoke Berserk Rage


You were on level 3 of the Dungeon.
You were not hungry.

You visited 1 branch of the dungeon, and saw 3 of its levels.

You collected 96 gold pieces.

Inventory:

Hand weapons
 a - a +1 shortbow
 c - a +0 short sword
 e - a +0 trident
 q - a +2 mace of protection (weapon)
Missiles
 b - 3 arrows
 j - 91 stones (quivered)
 n - 49 bolts
 y - 15 poisoned needles
Armour
 d - a +0 leather armour (worn)
 o - a +0 ring mail
 r - a +0 pair of gloves (worn)
 v - a +0 helmet (worn)
Jewellery
 h - a +2 ring of dexterity (left hand)
 k - an amulet of rage (around neck)
 p - an uncursed ring of wizardry {unknown}
 s - an uncursed ring of stealth {unknown}
 t - a cursed ring of teleportation {unknown}
 x - a +3 ring of evasion {unknown}
 B - an uncursed ring of protection from magic {unknown}
Scrolls
 f - a scroll of identify
 g - 2 scrolls of teleportation {unknown}
Potions
 i - a potion of might {unknown}
 l - 2 potions of mutation
 m - a potion of invisibility {unknown}
 w - a potion of flight {unknown}
 z - a potion of ambrosia {unknown}
 A - 2 potions of heal wounds {unknown}
Comestibles
 u - 5 chunks of flesh


   Skills:
 + Level 2.0 Fighting
 + Level 8.3 Bows
 + Level 0.9 Armour
 + Level 1.5 Dodging
 + Level 0.5 Stealth


You had 4 spell levels left.
You didn't know any spells.

Dungeon Overview and Level Annotations

Branches:
Dungeon (3/15)

Altars:
Xom


Innate Abilities, Weirdness & Mutations

You have hooves in place of feet.
Armour fits poorly on your strangely shaped body.
You cover ground very quickly.
You have extremely tough skin (AC +3).


Message History

Found a cloak.
The centaur shoots an arrow of flame.
The arrow of flame hits you. The arrow of flame burns you.
You see here an arrow of flame.
The centaur shoots an arrow of flame.
The arrow of flame hits you! The arrow of flame burns you.
You see here an arrow of flame.
The centaur shoots an arrow of flame.
The arrow of flame hits you! The arrow of flame burns you.
You see here an arrow of flame.
You see here a robe.
The centaur shoots an arrow of flame.
The arrow of flame hits you!
* * * LOW HITPOINT WARNING * * *
The arrow of flame burns you.
* * * LOW HITPOINT WARNING * * *
You see here an arrow of flame.
The centaur shoots an arrow of flame.
The arrow of flame hits you but does no damage.
The arrow of flame burns you.
You die...

#####[# #(..c.#
#########(#######
#.#.....#.......##
#.####..#c.......####
#...@(.[(........#...
#.#########.####.#.## ###.#
........####....#
#...#.........##....###
#####.###.........##.#.....
#.....# #....#>..........(
#.########....#.#.....#.###
#.# #........#.#####.###
#.######........#.....#....


You could see a centaur.

Vanquished Creatures
  2 jellies (D:2)
  4 gnolls (D:2)
  2 adders (D:2)
  3 worms
  A giant gecko (D:2)
  An orc (D:3)
  A ball python (D:2)
  2 giant cockroaches
  5 goblins
  6 hobgoblins
  6 kobolds
  A sheep (D:2)
  2 bats
  4 giant newts
  12 rats
52 creatures vanquished.

Notes
Turn   | Place    | Note
--------------------------------------------------------------
     0 | D:1      | mrath the Centaur Hunter began the quest for the Orb.
     0 | D:1      | Reached XP level 1. HP: 17/17 MP: 1/1
   154 | D:1      | Reached XP level 2. HP: 24/24 MP: 2/2
   403 | D:1      | Reached skill level 6 in Bows
  1155 | D:2      | Found a shimmering altar of Xom.
  1334 | D:2      | Reached XP level 3. HP: 29/29 MP: 3/3
  1698 | D:2      | Reached skill level 7 in Bows
  1698 | D:2      | Reached XP level 4. HP: 36/36 MP: 4/4
  1835 | D:2      | Reached skill level 8 in Bows
  1835 | D:2      | Reached XP level 5. HP: 41/41 MP: 5/5
  2653 | D:3      | Noticed a centaur
  2825 | D:3      | HP: 1/41 [centaur/arrow of flame (5)]
  2826 | D:3      | Shot with an arrow of flame by a centaur

Vault maps used:
D:1:      lightli_arrival_isolated_outpost
D:2:      kennysheep_nondescript, dk_xom_monty_hall
D:3:      portal_sewer_entry_f

Action                   |  1- 3 |  4- 6 || total
-------------------------+-------+-------++-------
Melee: Short sword       |    18 |    11 ||    29
       Mace              |       |     1 ||     1
 Fire: Shortbow          |    86 |    57 ||   143
  Use: Scroll            |       |     2 ||     2
  Eat: Chunk             |     1 |     1 ||     2
       Bread ration      |       |     1 ||     1
